 Dungeon Crawl Stone Soup version 0.28.0 (webtiles) character file.

Game seed: 7045109229067394886

3402 Armakuni the Carver (level 10, -6/74 HPs)
             Began as a Human Gladiator on Feb 15, 2022.
             Mangled by a demonic crawler (9 damage)
             ... on level 1 of the Abyss.
             The game lasted 00:19:45 (9683 turns).

Armakuni the Carver (Human Gladiator)               Turns: 9683, Time: 00:19:46

Health: -6/74      AC: 10    Str: 23    XL:     10   Next: 24%
Magic:  10/10      EV: 12    Int:  9    God:
Gold:   265        SH:  0    Dex: 14    Spells: 9/9 levels left

rFire   . . .      SeeInvis .   b - +2 falchion (elec)
rCold   . . .      Faith    .   (no shield)
rNeg    + . .      Spirit   .   i - +0 ring mail
rPois   .          Reflect  .   d - +1 hat of Migyal {Will++}
rElec   .          Harm     .   u - +0 cloak
rCorr   .          Rampage  .   (no gloves)
Will    ++...                   f - +1 pair of boots
Stlth   +.........              (no amulet)
HPRegen 0.22/turn               N - ring of positive energy
MPRegen 0.12/turn               V - +6 ring of strength

@: mighty
A: weak 1
a: no special abilities


You were on level 1 of the Abyss.
You visited 1 branch of the dungeon, and saw 8 of its levels.
You visited the Abyss 1 time.

You collected 405 gold pieces.
You spent 140 gold pieces at shops.

Inventory:

Hand Weapons
 a - a +1 quarterstaff
 b - a +2 falchion of electrocution (weapon)
 n - a -1 demon blade
Missiles
 j - 8 boomerangs (quivered)
Armour
 d - the +1 hat of Migyal (worn) {Will++}
   (You acquired it on level 7 of the Dungeon)

   Will:      It greatly increases your willpower.
 f - a +1 pair of boots (worn)
 g - a +0 scale mail
 i - a +0 ring mail (worn)
 u - a +0 cloak (worn)
Jewellery
 x - a +6 ring of intelligence
 I - a ring of see invisible
 J - a ring of protection from cold
 N - a ring of positive energy (left hand)
 V - a +6 ring of strength (right hand)
Wands
 k - a wand of digging (12)
 m - a wand of polymorph (5)
 t - a wand of acid (4)
Scrolls
 l - a scroll of noise
 p - 2 scrolls of vulnerability
 s - 2 scrolls of immolation
Potions
 h - 4 potions of brilliance


   Skills:
 - Level 5.1 Fighting
 + Level 11.6 Long Blades
 - Level 5.4 Staves
 - Level 2.0 Throwing
 - Level 3.2 Armour
 - Level 3.0 Dodging


You had 9 spell levels left.
You didn't know any spells.
Your spell library contained the following spells:

 Spells                   Type           Power      Damage    Failure   Level
 Corpse Rot               Necr/Air       0%         N/A       67%         2
 Gell's Gravitas          Tloc           0%         N/A       88%         3
 Lesser Beckoning         Tloc           0%         N/A       88%         3
 Stone Arrow              Conj/Erth      0%         3d7       88%         3
 Teleport Other           Tloc           0%         N/A       88%         3
 Animate Armour           Summ/Erth      0%         N/A       99%         4
 Dispel Undead            Necr           0%         3d6       99%         4
 Hailstorm                Conj/Ice       0%         3d3       99%         4
 Ice Form                 Ice/Tmut       0%         N/A       99%         4
 Death Channel            Necr           0%         N/A       100%        6
 Simulacrum               Ice/Necr       0%         N/A       100%        6
 Lehudib's Crystal Spear  Conj/Erth      0%         10d2      100%        8


Dungeon Overview and Level Annotations

Branches:
Dungeon (8/15)             Temple (0/1) D:6
   Lair: D:8-11

Altars:
Ashenzari
Cheibriados
Dithmenos
Hepliaklqana
Makhleb
Uskayaw
Yredelemnul
Zin

Shops:
D:4 *?   D:7 (


Innate Abilities, Weirdness & Mutations

You are weak. (Str -2)


Message History

Okay, then.
You feel very mighty all of a sudden.
You slash the demonic crawler!
The demonic crawler is moderately wounded.
The demonic crawler hits you. The demonic crawler barely misses you.
The demonic crawler hits you.
You hit the demonic crawler but do no damage.
The demonic crawler is moderately wounded.
The demonic crawler closely misses you.
The demonic crawler hits you but does no damage.
The demonic crawler barely misses you.
You barely miss the demonic crawler.
The demonic crawler is moderately wounded.
You feel your health improve. The demonic crawler barely misses you.
The demonic crawler hits you! The demonic crawler barely misses you.
You slash the demonic crawler!
The demonic crawler is moderately wounded.
The demonic crawler shrieks in warning!
You feel better. The demonic crawler hits you! The demonic crawler hits you.
The demonic crawler hits you!
* * * LOW HITPOINT WARNING * * *
Okay, then.
Okay, then.
It was a potion of magic.
Magic courses through your body.
The demonic crawler misses you. x2; The demonic crawler hits you!
* * * LOW HITPOINT WARNING * * *
You slash the demonic crawler!
The demonic crawler is heavily wounded.
The demonic crawler misses you. The demonic crawler hits you.
* * * LOW HITPOINT WARNING * * *
The demonic crawler hits you.
* * * LOW HITPOINT WARNING * * *
You barely miss the demonic crawler.
The demonic crawler is heavily wounded.
The demonic crawler hits you but does no damage.
The demonic crawler hits you.
* * * LOW HITPOINT WARNING * * *
The demonic crawler hits you!
You die...

## ## #. #
.. . # ##
## # # .
.... #.. .
. . #...
.###. ## .
# #..... #
# # # .#
#.....####
. #
#....†s@#
# # #
###.#####
## . # . .
. . # # .
. #. # ..


You could see a demonic crawler.

Vanquished Creatures
  An ancient zyme (Abyss:1)
  A raiju (Abyss:1)
  A wyvern (D:6)
  Edmund (D:5)
  A water moccasin (D:7)
  An orc warrior (D:7)
  A sky beast (D:6)
  An ice beast (D:5)
  4 necrophages
  3 ogres
  2 black bears
  A centaur (D:7)
  2 phantoms (D:6)
  2 bullfrogs (D:6)
  A wyvern zombie (D:6)
  2 scorpions
  2 water moccasin zombies
  A wyvern skeleton (D:4)
  A water moccasin skeleton (D:6)
  An electric eel (D:8)
  2 wights (D:6)
  2 howler monkeys
  2 bullfrog zombies (D:6)
  4 centaur zombies
  A centaur skeleton (D:5)
  7 hounds
  An orc priest (D:8)
  A bullfrog skeleton (D:4)
  A human zombie (D:6)
  Ijyb (D:4)
  5 iguanas
  2 orc wizards (D:5)
  A scorpion zombie (D:5)
  A hound zombie (D:5)
  Robin (D:4)
  A howler monkey zombie (D:6)
  4 gnolls
  A howler monkey skeleton (D:7)
  6 adders
  An ufetubus (D:5)
  3 worms
  2 dart slugs
  20 orcs
  6 ball pythons
  2 bats
  5 endoplasms
  4 giant cockroaches
  19 goblins
  8 hobgoblins
  8 jackals
  10 kobolds
  2 quokkas
  4 frilled lizards
  5 rats
173 creatures vanquished.

Notes
Turn   | Place    | Note
-------+----------+-------------------------------------------
     0 | D:1      | Armakuni the Human Gladiator began the quest for the Orb.
     0 | D:1      | Reached XP level 1. HP: 16/16 MP: 1/1
   458 | D:1      | Found a faded altar of an unknown god.
   504 | D:1      | Reached XP level 2. HP: 22/22 MP: 2/2
  1300 | D:2      | Reached XP level 3. HP: 26/28 MP: 3/3
  1551 | D:2      | You fall into a shaft and drop 1 floor!
  1806 | D:2      | Reached XP level 4. HP: 34/35 MP: 4/4
  2776 | D:2      | Reached XP level 5. HP: 32/40 MP: 5/5
  3715 | D:4      | Noticed Ijyb
  3739 | D:4      | Killed Ijyb
  3843 | D:4      | Found a hazy altar of Hepliaklqana.
  3844 | D:4      | Found a shadowy altar of Dithmenos.
  3844 | D:4      | Noticed a shadow
  3903 | D:4      | Reached skill level 5 in Staves
  3903 | D:4      | Reached XP level 6. HP: 37/48 MP: 6/6
  4104 | D:4      | Found Hipont's Lightly-Used Armoury.
  4142 | D:4      | Reached skill level 1 in Armour
  4151 | D:4      | Bought a -1 demon blade for 140 gold pieces
  4200 | D:4      | Noticed Robin
  4410 | D:4      | Found a snail-covered altar of Cheibriados.
  4451 | D:4      | Found a glowing silver altar of Zin.
  4454 | D:4      | Found a burning altar of Makhleb.
  4454 | D:4      | Found a broken altar of Ashenzari.
  4461 | D:4      | Noticed an ogre
  4473 | D:4      | Killed an ogre
  4474 | D:4      | Reached XP level 7. HP: 55/55 MP: 7/7
  4476 | D:4      | Found a hide-covered altar of Uskayaw.
  4509 | D:4      | Reached skill level 5 in Fighting
  4580 | D:4      | Killed Robin
  4685 | D:4      | Found Wasm's Magic Scroll Boutique.
  4916 | D:4      | Reached skill level 1 in Long Blades
  5073 | D:5      | Entered Level 5 of the Dungeon
  5080 | D:5      | Reached skill level 2 in Long Blades
  5274 | D:5      | Reached skill level 3 in Long Blades
  5274 | D:5      | Reached XP level 8. HP: 49/62 MP: 8/8
  5486 | D:5      | Reached skill level 4 in Long Blades
  5857 | D:5      | Reached skill level 5 in Long Blades
  5864 | D:5      | Noticed Edmund
  5881 | D:5      | Killed Edmund
  5882 | D:5      | Reached skill level 6 in Long Blades
  6145 | D:5      | Reached skill level 7 in Long Blades
  6145 | D:5      | Reached XP level 9. HP: 55/68 MP: 9/9
  6540 | D:6      | Reached skill level 8 in Long Blades
  6775 | D:6      | Reached skill level 9 in Long Blades
  6849 | D:6      | Found a staircase to the Ecumenical Temple.
  7409 | D:6      | Reached skill level 10 in Long Blades
  7646 | D:6      | Reached XP level 10. HP: 74/74 MP: 10/10
  7646 | D:6      | Found a basalt altar of Yredelemnul.
  7925 | D:7      | Found Doic's Weapon Emporium.
  7951 | D:7      | Identified a scroll of acquirement
  7952 | D:7      | Acquired the +1 hat of Migyal {Will++}
  8090 | D:7      | Reached skill level 11 in Long Blades
  9507 | D:8      | Cast into level 1 of the Abyss (gnoll sergeant)
  9585 | Abyss:1  | Gained mutation: You are weak. (Str -2) [potion of
                  | mutation]
  9673 | Abyss:1  | Noticed a demonic crawler
  9683 | Abyss:1  | HP: 3/74 [demonic crawler (2)]
  9683 | Abyss:1  | Mangled by a demonic crawler

Illustrated notes

Levels and vault maps discovered:
D:1:      zaba_arrival_water, layout_basic,
          shapermc_ecumenical_altar_totnotflames
D:2:      layout_loops_corners
D:3:      layout_basic, minmay_circle_x
D:4:      layout_loops_ring, nicolae_overflow_hallway_of_the_gods,
          riverfiend_overflow_shadow_ancestor, serial_shops,
          nicolae_lakefront_shop, minmay_shop_damaged, uniq_robin, uniq_ijyb
D:5:      layout_gridville, st_stairs_9, uniq_edmund
D:6:      layout_basic, lemuel_mausoleum_altar_yredelemnul,
          minmay_temple_entry_junction_2
D:7:      layout_loops_corners, serial_shops, nicolae_shop_bloodbath_and_beyond
D:8:      layout_loops_cross, minmay_crystal_water
Abyss:1:  base:
D:8

Skill      XL: |  1  2  3  4  5  6  7  8  9 10 |
---------------+-------------------------------+-----
Fighting       | 3 4 5 |  5.1
Staves         | 4 5 |  5.4
Armour         | 2 3 |  3.2
Long Blades    | 3 7 10 11 | 11.6
Throwing       | |  2.0
Dodging        | |  3.0

Action                   |  1- 3 |  4- 6 |  7- 9 | 10-12 || total
-------------------------+-------+-------+-------+-------++-------
Melee: Quarterstaff      |    69 |   211 |    88 |       ||   368
       Falchion          |       |       |   205 |    99 ||   304
       Punch             |       |       |     4 |     2 ||     6
Throw: Throwing net      |     3 |     2 |     6 |       ||    11
       Boomerang         |       |       |       |     2 ||     2
Evoke: Wand              |       |       |       |     6 ||     6
  Use: Scroll            |     1 |     6 |     3 |     3 ||    13
       Potion            |       |       |     1 |     7 ||     8
 Stab: Held in net/web   |     1 |     1 |     2 |       ||     4
       Sleeping          |     1 |       |       |       ||     1
Armor: Leather armour    |    23 |    14 |       |       ||    37
       Ring mail         |       |    52 |   107 |    26 ||   185
Dodge: Dodged            |    35 |   132 |   172 |    56 ||   395
